 Dungeon Crawl Stone Soup version 0.30-a0-830-gfe289a77b0 (webtiles) character file.

Game seed: 1905084267120854076

68 ragingrage the Caller (level 4, -2/30 HPs)
             Began as a Formicid Summoner on Feb 28, 2023.
             Slain by a gnoll
             ... wielding a +0 club
              (6 damage)
             ... on level 2 of the Dungeon.
             The game lasted 00:03:11 (1777 turns).

ragingrage the Caller (Formicid Summoner)           Turns: 1777, Time: 00:03:11

Health: -2/30      AC:  2    Str: 13    XL:     4   Next: 41%
Magic:  2/7        EV: 12    Int: 14    God:
Gold:   51         SH:  0    Dex: 16    Spells: 4/7 levels left

rFire   . . .      SeeInvis +    d - +0 short sword
rCold   . . .      Faith    .    (no shield)
rNeg    . . .      Spirit   .    a - +0 robe
rPois   .          Reflect  .    (helmet unavailable)
rElec   .          Harm     .    n - scarf {repulsion}
rCorr   .          Rampage  .    (no gloves)
Will    .....                    (no boots)
Stlth   +++                      (no amulet)
HPRegen 0.25/turn                (no ring)
MPRegen 0.10/turn                (no ring)

@: repel missiles
A: permanent stasis, dig shafts and tunnels, antennae 3, four strong arms
a: Dig, Shaft Self


You were on level 2 of the Dungeon.
You visited 1 branch of the dungeon, and saw 2 of its levels.

You collected 51 gold pieces.

Inventory:

Hand Weapons
 c - a +0 dagger
 d - a +0 short sword (weapon)
Missiles
 i - 2 poisoned darts
 m - a throwing net
Armour
 a - a +0 robe (worn)
 n - a scarf of repulsion (worn)
 p - the +5 tower shield of Orphischo {rC- rCorr SInv}
   (You found it on level 2 of the Dungeon)

   rC:        It makes you vulnerable to cold.
   SInv:      It lets you see invisible.
   rCorr:     It protects you from acid and corrosion.
Wands
 r - a wand of charming (6)
Scrolls
 f - 3 scrolls of identify {unknown}
 g - a scroll of fog {unknown}
 h - a scroll of amnesia {unknown}
 j - a scroll of noise {unknown}
Potions
 b - a potion of magic
 e - a potion of curing {unknown}
 k - a potion of attraction {unknown}
 l - a potion of lignification {unknown}
 o - a potion of degeneration {unknown}
 q - a potion of ambrosia {unknown}


   Skills:
 - Level 1.7 Dodging
 - Level 4.0 Stealth
 - Level 2.1 Spellcasting
 + Level 5.0 Summonings


You had 4 spell levels left.
You knew the following spells:

 Your Spells              Type           Power      Damage    Failure   Level
a - Summon Small Mammal   Summ           60%        N/A       3%          1
b - Call Imp              Summ           15%        N/A       4%          2

Your spell library contained the following spells:

 Spells                   Type           Power      Damage    Failure   Level
 Call Canine Familiar     Summ           15%        N/A       9%          3
 Summon Guardian Golem    Hex/Summ       8%         N/A       26%         3
 Summon Lightning Spire   Summ/Air       8%         N/A       63%         4


Dungeon Overview and Level Annotations

Branches:
Dungeon (2/15)

Altars:


Innate Abilities, Weirdness & Mutations

You cannot be hasted, slowed, berserked, paralysed or teleported.
You can dig through walls and to a lower floor.
You have a pair of large antennae on your head. (SInv)
Your four strong arms can wield two-handed weapons with a shield.


Message History

Your white imp misses the gnoll.
The kobold closely misses your white imp.
The gnoll hits you from afar with a +0 spear!
The kobold closely misses your white imp.
Your white imp gestures at the gnoll.
The puff of frost hits the gnoll!
The gnoll dies!
Your Summonings skill increases to level 5!
The kobold barely misses your white imp.
Your white imp gestures at the kobold.
The puff of frost hits the kobold!
The kobold dies!
Unknown command.
The gnoll hits your white imp with a +0 club.
Your white imp barely misses the gnoll.
The gnoll hits your white imp with a +0 club.
The gnoll closely misses your white imp.
Your white imp closely misses the gnoll.
The gnoll closely misses your white imp.
The gnoll barely misses your white imp.
Your white imp hits the gnoll but does no damage.
The gnoll hits your white imp with a +0 club.
The gnoll hits your white imp but does no damage.
Your white imp hits the gnoll.
Your white imp freezes the gnoll.
The gnoll hits your white imp with a +0 club.
Your white imp dies!
Your white imp disappears in a puff of smoke!
The gnoll attacks as you move away! The gnoll hits you with a +0 club!
* * * LOW HITPOINT WARNING * * *
Casting: Summon Small Mammal (safe; 3% risk of failure)
The gnoll hits you with a +0 club.
* * * LOW HITPOINT WARNING * * *
Your bat hits the gnoll but does no damage.
The gnoll attacks as you move away! The gnoll hits you with a +0 club.
* * * LOW HITPOINT WARNING * * *
Your bat hits the gnoll.
Casting: Summon Small Mammal (safe; 3% risk of failure)
A beastly little devil appears in a puff of frigid air.
Your bat barely misses the gnoll. x2; The gnoll hits you with a +0 club.
You die...

######## ##>.....##
#........##
#..........#
##..........#####
##.............@b##
......†.....###g.# #
#..........# ##5#
#####.#### #........##
#g###..g.§...#
##........##
#..)..###....#
#....†.....# ###)..#
...#
#..........######.#.#
..#
#........^........#.#
.#
##..........######....
#


You could see 2 gnolls, a friendly white imp (summoned) and a friendly bat
(summoned).

Vanquished Creatures
  An adder (D:2)
  3 endoplasms
  A goblin (D:1)
  3 kobolds (D:1)
  A quokka (D:1)
  A ball python (D:1)
  5 bats
15 creatures vanquished.

Vanquished Creatures (collateral kills)
  A gnoll (D:2)
  An adder (D:2)
  A dart slug (D:2)
  2 endoplasms (D:1)
  3 giant cockroaches (D:1)
  2 goblins (D:1)
  3 hobgoblins
  A quokka (D:1)
  2 ball pythons
  A bat (D:2)
  4 kobolds
21 creatures vanquished.

Grand Total: 36 creatures vanquished

Notes
Turn   | Place    | Note
-------+----------+-------------------------------------------
     0 | D:1      | ragingrage the Formicid Summoner began the quest for the
                  | Orb.
     0 | D:1      | Reached XP level 1. HP: 13/13 MP: 3/3
   537 | D:1      | Reached XP level 2. HP: 19/19 MP: 5/5
   624 | D:1      | Learned a level 2 spell: Call Imp
   748 | D:1      | Found a faded altar of an unknown god.
   806 | D:1      | Reached XP level 3. HP: 24/24 MP: 2/6
  1562 | D:2      | Reached XP level 4. HP: 30/30 MP: 2/7
  1667 | D:2      | Identified the +5 tower shield of Orphischo {rC- rCorr
                  | SInv}
  1767 | D:2      | Reached skill level 5 in Summonings
  1777 | D:2      | Slain by a gnoll

Illustrated notes

Levels and vault maps discovered:
D:1:      roderic_lyre, layout_loops_ring, dreamdust_ecumenical_altar_statues,
          nrook_campfire
D:2:      layout_rooms, uniq_natasha

Skill      XL: |  1  2  3  4 |
---------------+-------------+-----
Stealth        | 3 4 |  4.0
Summonings     | 5 |  5.0
Dodging        | |  1.7
Spellcasting   | |  2.1

Action                     |  1- 3 |  4- 6 || total
---------------------------+-------+-------++-------
  Melee: Dagger            |     9 |       ||     9
         Short sword       |    41 |     2 ||    43
         Punch             |     1 |       ||     1
   Cast: Summon Small Mamm |    29 |     6 ||    35
         Call Imp          |    11 |     6 ||    17
   Stab: Sleeping          |     5 |       ||     5
 Armour: Robe              |     7 |       ||     7
  Dodge: Dodged            |    40 |     2 ||    42

Table legend: (Time is in decaauts)
 A = Elapsed time spent in this place.
 B = Non-inter-level travel time spent in this place.
 C = Inter-level travel time spent in this place.
 D = Time resting spent in this place.
 E = Time spent auto-exploring this place.
 F = Levels seen in this place.
 G = Mean time per level.
                   A        B        C        D        E       F      G
               +--------+--------+--------+--------+--------+-----+--------+
         Total |   1775 |   1705 |     70 |    211 |   1110 |   2 |  887.5 |
       Dungeon |   1775 |   1705 |     70 |    211 |   1110 |   2 |  887.5 |
               +--------+--------+--------+--------+--------+-----+--------+

Top non-repeatable levels by time:
     D:1: 1451 daAuts
     D:2: 324 daAuts
